Map: Submarine LE

Players

Reynor

  • Race: Zerg Zerg
  • Spawn Location: 5:00

Serral - Winner!

  • Race: Zerg Zerg
  • Spawn Location: 11:00

Event: StayAtHomestory Cup #2

VOD

Have the link to the VOD?

Description

Time

  • Played on: June 12, 2020, 12:38 p.m.
  • Length: 8:48

All games in this series

Show
View Real Time Build Order
Export as new Build Order

Reynor Zerg 

Build Orders: Pool First 

Get SALT Encoding   

  12  0:00  Drone  
  13  0:12  Overlord  
  13  0:16  Drone  
  14  0:31  Drone x2  
  16  0:40  Spawning Pool  
  15  0:43  Drone  
  15  0:46  Drone  
  17  1:07  Hatchery  
  17  1:10  Drone  
  17  1:27  Zergling x6  
  17  1:29  Queen  
  17  1:31  Extractor  
  21  1:38  Overlord  
  21  1:49  Drone  
  22  2:00  Drone  
  23  2:05  Queen  
  25  2:11  Drone  
  26  2:21  Drone x2  
  27  2:26  Queen  
  28  2:30  Drone  
  28  2:32  Drone  
  28  2:35  Metabolic Boost  
  29  2:39  Drone  
  29  2:40  Drone x2  
  32  2:45  Overlord  
  32  2:49  Drone  
  33  2:51  Drone  
  33  2:58  Drone  
  35  3:03  Baneling Nest  
  34  3:08  Zergling x2  
  34  3:10  Evolution Chamber  
  34  3:13  Zergling x4  
  34  3:14  Zergling x2  
  34  3:15  Zergling x4  
  39  3:21  Zergling x6  
  39  3:25  Overlord  
  42  3:31  Zergling x2  
  43  3:36  Roach Warren  
  42  3:41  Evolution Chamber  
  42  3:43  Zergling x2  
  42  3:45  Zergling x4  
  42  3:47  Zergling x2  
  45  3:51  Overlord  
  46  4:08  Baneling  
  46  4:10  Zergling x6  
  46  4:16  Drone  
  51  4:23  Hatchery  
  50  4:24  Drone x2  
  50  4:28  Zerg Missile Weapons Level 1  
  52  4:32  Overlord  
  52  4:41  Overlord  
  52  4:44  Roach Warren  
  51  4:46  Drone  
  51  4:50  Drone x2  
  51  4:51  Drone x2  
  51  4:52  Drone x3  
  59  4:54  Extractor  
  59  4:55  Extractor  
  59  4:57  Drone  
  58  5:03  Drone  
  59  5:09  Drone  
  59  5:16  Overlord  
  59  5:23  Roach  
  59  5:28  Overlord  
  60  5:38  Roach x3  
  60  5:39  Roach  
  60  5:42  Drone x2  
  70  5:43  Drone x2  
  70  5:47  Roach x3  
  70  5:48  Drone  
  79  5:52  Roach  
  79  5:56  Overlord x2  
  81  6:03  Spine Crawler  
  80  6:04  Roach  
  80  6:06  Overlord  
  81  6:15  Roach x5  
  88  6:19  Roach x2  
  88  6:24  Roach x2  
  94  6:29  Lair  
  96  6:32  Roach  
  96  6:35  Roach  
  96  6:38  Roach  
  99  6:41  Roach  
  99  6:45  Roach x2  
  98  6:51  Roach x2  
  98  6:52  Drone x2  
  103  6:55  Overlord  
  103  6:59  Roach  
  105  7:05  Drone  
  106  7:08  Overlord  
  106  7:11  Extractor  
  105  7:18  Drone x3  
  108  7:24  Overlord x3  
  108  7:26  Glial Reconstitution  
  108  7:31  Drone x2  
  108  7:33  Drone  
  108  7:34  Ravager  
  112  7:37  Overseer  
  112  7:39  Drone x2  
  112  7:42  Extractor, Overlord  
  113  7:44  Ravager  
  113  7:47  Drone  
  113  7:48  Evolution Chamber, Drone  
  113  7:51  Drone x2  
  117  7:52  Ravager  
  117  7:54  Drone  
  117  7:55  Drone  
  117  7:57  Drone  
  117  7:58  Drone  
  122  8:00  Ravager  
  122  8:03  Drone x2  
  125  8:09  Drone x2  
  125  8:12  Drone x2  
  129  8:14  Extractor  
  129  8:15  Drone  
  129  8:18  Overlord  
  129  8:23  Drone  
  129  8:24  Drone  
Show
View Real Time Build Order
Export as new Build Order

Serral Zerg - Winner!

Build Orders: Pool First 

Get SALT Encoding   

  12  0:00  Drone  
  13  0:12  Overlord  
  13  0:16  Drone  
  14  0:30  Drone x2  
  14  0:34  Drone  
  17  0:43  Spawning Pool  
  17  0:47  Drone  
  17  1:06  Hatchery  
  17  1:09  Drone  
  17  1:11  Extractor  
  17  1:14  Drone  
  17  1:19  Drone  
  18  1:27  Drone  
  18  1:31  Queen  
  21  1:38  Overlord  
  21  1:49  Drone  
  22  2:00  Zergling x2  
  23  2:07  Queen  
  25  2:12  Metabolic Boost  
  25  2:13  Drone  
  26  2:18  Queen  
  26  2:21  Spore Crawler  
  26  2:22  Drone  
  27  2:25  Drone  
  29  2:30  Drone  
  29  2:34  Drone  
  31  2:39  Baneling Nest  
  31  2:41  Drone x2  
  31  2:44  Zergling x2  
  33  2:48  Overlord  
  33  2:51  Drone  
  33  2:53  Drone  
  33  2:57  Drone  
  36  3:06  Evolution Chamber  
  36  3:07  Drone  
  36  3:08  Drone  
  36  3:12  Drone  
  38  3:17  Drone x3  
  41  3:25  Hatchery  
  40  3:30  Zergling x2  
  40  3:31  Zergling x4  
  43  3:34  Zerg Missile Weapons Level 1  
  43  3:36  Drone  
  44  3:42  Roach Warren  
  44  3:43  Zergling x2  
  44  3:50  Extractor  
  44  3:52  Overlord x2  
  44  3:53  Drone  
  43  4:05  Evolution Chamber, Lair  
  43  4:08  Zergling x2  
  44  4:11  Zergling x2  
  44  4:12  Zergling x10  
  44  4:16  Evolution Chamber  
  44  4:17  Overlord  
  49  4:21  Drone x3  
  49  4:23  Drone  
  54  4:32  Overlord  
  54  4:35  Overlord  
  54  4:38  Drone x3  
  57  4:41  Extractor  
  57  4:43  Roach  
  58  4:49  Roach  
  60  4:55  Roach  
  60  4:59  Roach  
  64  5:00  Roach  
  64  5:02  Glial Reconstitution  
  64  5:04  Roach  
  64  5:06  Drone x5  
  73  5:16  Overlord  
  73  5:19  Drone  
  74  5:23  Hatchery  
  74  5:26  Overlord  
  74  5:27  Overlord  
  72  5:31  Zerg Missile Weapons Level 2  
  72  5:37  Zerg Ground Armor Level 1  
  72  5:42  Drone x2  
  73  5:44  Drone  
  73  5:45  Overlord  
  73  5:47  Drone x2  
  76  5:54  Roach x2  
  80  5:58  Roach  
  80  5:59  Overlord  
  80  6:01  Roach  
  80  6:02  Roach  
  86  6:09  Roach x3  
  92  6:16  Hatchery  
  92  6:17  Overlord  
  92  6:26  Drone  
  92  6:27  Extractor, Drone x2  
  92  6:29  Overlord  
  94  6:34  Roach  
  94  6:35  Roach x2  
  94  6:39  Roach x3  
  108  6:40  Roach  
  109  6:50  Hatchery  
  109  6:51  Overlord  
  109  6:53  Overlord  
  108  6:55  Overseer  
  108  6:57  Ravager x3  
  108  7:01  Ravager  
  112  7:06  Roach x2  
  116  7:13  Roach  
  116  7:14  Roach x2  
  122  7:22  Pneumatized Carapace  
  122  7:23  Overlord  
  122  7:29  Drone x3  
  125  7:32  Roach  
  125  7:33  Roach x2  
  131  7:39  Overlord  
  131  7:40  Overlord x2  
  131  7:41  Roach  
  133  7:50  Roach x2  
  137  7:58  Extractor  
  136  8:00  Overseer  
  136  8:01  Drone x3  
  136  8:02  Drone  
  140  8:11  Roach x4  
  148  8:17  Overlord  
  148  8:19  Roach x3  
  152  8:29  Roach x2  
  157  8:42  Extractor  
Tags
 
Add a new tag
Caveats
  • Supply blocks, unpowered buildings, or Contaminate may cause inaccurate times.
  • Supply counts are checked every 10 seconds.